BSA
POCATELLO BOCCABELLAS @ NEVADA NOISE
09/08/2027
 
TOP OF THE 1ST
Pocatello Boccabellas batting - Pitching for Los Cabos Cartel : RHP Toshikasu Kiyomizu
Pitching: RHP Toshikasu Kiyomizu
Batting: RHB Tomás Carranza 0-0: Foul Ball, location: 2F
0-1: Called Strike
0-2: Ball
1-2: Strikes out swinging
Batting: LHB Jim Jensen 0-0: Foul Ball, location: 2F
0-1: Swinging Strike
0-2: Ball
1-2: Foul Ball, location: 2F
1-2: Ball
2-2: Foul Ball, location: 2F
2-2: SINGLE (Groundball, 56D)
Batting: RHB Ernesto Acosta 0-0: Called Strike
0-1: Ball
1-1: Ball
2-1: 2-RUN HOME RUN (Flyball, 8LXD), Distance : 433 ft
Batting: LHB Juan Cortés 0-0: Called Strike
0-1: Ball
1-1: Swinging Strike
1-2: Strikes out swinging
Batting: SHB Nick Cox 0-0: Called Strike
0-1: Ball
1-1: Ball
2-1: Fly out, F7 (Flyball, 78S)
Top of the 1st over - 2 run(s), 2 hit(s), 0 error(s), 0 left on base; Pocatello 2 - Los Cabos 0
BOTTOM OF THE 1ST
Los Cabos Cartel batting - Pitching for Pocatello Boccabellas : RHP Kevin Bush
Pitching: RHP Kevin Bush
Batting: RHB Fernando Martínez 0-0: Called Strike
0-1: Ball
1-1: Ground out 4-3 (Groundball, 4)
Batting: RHB Stephen Wilson 0-0: Ball
1-0: Called Strike
1-1: Ball
2-1: Foul Ball, location: 2F
2-2: Ball
3-2: Strikes out swinging
Batting: SHB Julián Madrid 0-0: Called Strike
0-1: Ball
1-1: Foul Ball, location: 2F
1-2: Ball
2-2: Ball
3-2: SOLO HOME RUN (Flyball, 89XD), Distance : 390 ft
Batting: RHB Edward Young 0-0: Called Strike
0-1: Ball
1-1: Ball
2-1: Ground out 6-3 (Groundball, 6)
Bottom of the 1st over - 1 run(s), 1 hit(s), 0 error(s), 0 left on base; Pocatello 2 - Los Cabos 1
TOP OF THE 2ND
Pocatello Boccabellas batting - Pitching for Los Cabos Cartel : RHP Toshikasu Kiyomizu
Batting: RHB Francisco Sandoval 0-0: Ball
1-0: Ball
2-0: Ball
3-0: Called Strike
3-1: Called Strike
3-2: Foul Ball, location: 2F
3-2: Foul Ball, location: 2F
3-2: Strikes out looking
Batting: LHB José Berroa 0-0: Swinging Strike
0-1: Called Strike
0-2: Ball
1-2: Foul Ball, location: 2F
1-2: Strikes out swinging
Batting: RHB José Delgado 0-0: Foul Ball, location: 2F
0-1: Ball
1-1: Ball
2-1: Ball
3-1: Ground out 4-3 (Groundball, 4)
Top of the 2nd over - 0 run(s), 0 hit(s), 0 error(s), 0 left on base; Pocatello 2 - Los Cabos 1
BOTTOM OF THE 2ND
Los Cabos Cartel batting - Pitching for Pocatello Boccabellas : RHP Kevin Bush
Batting: LHB Willie Wallace 0-0: Called Strike
0-1: Fly out, F7 (Flyball, 7)
Batting: LHB Tom Waller 0-0: Called Strike
0-1: Called Strike
0-2: Ball
1-2: Ball
2-2: Strikes out swinging
Batting: SHB Javier Villegas 0-0: Called Strike
0-1: Ball
1-1: Swinging Strike
1-2: Foul Ball, location: 2F
1-2: Ball
2-2: Strikes out swinging
Bottom of the 2nd over - 0 run(s), 0 hit(s), 0 error(s), 0 left on base; Pocatello 2 - Los Cabos 1
TOP OF THE 3RD
Pocatello Boccabellas batting - Pitching for Los Cabos Cartel : RHP Toshikasu Kiyomizu
Batting: LHB Vicente Bueno 0-0: Fly out, F7 (Flyball, 78S)
Batting: RHB Tomás Carranza 0-0: Ball
1-0: Foul Ball, location: 2F
1-1: Called Strike
1-2: Ball
2-2: Ball
3-2: SINGLE (Groundball, 4S) (infield hit)
Batting: LHB Jim Jensen 0-0: Ball
1-0: Called Strike
1-1: Swinging Strike
1-2: Ball
2-2: Ball
3-2: Fly out, F7 (Flyball, 7LM)
Batting: RHB Ernesto Acosta 0-0: Ball
1-0: Fly out, F8 (Flyball, 8RD)
Top of the 3rd over - 0 run(s), 1 hit(s), 0 error(s), 1 left on base; Pocatello 2 - Los Cabos 1
BOTTOM OF THE 3RD
Los Cabos Cartel batting - Pitching for Pocatello Boccabellas : RHP Kevin Bush
Batting: LHB Pablo Reyes 0-0: Called Strike
0-1: Swinging Strike
0-2: Strikes out looking
Batting: RHB Vern Carlton 0-0: Ball
1-0: Swinging Strike
1-1: Foul Ball, location: 2F
1-2: Strikes out swinging
Batting: RHB Fernando Martínez 0-0: Called Strike
0-1: SINGLE (Groundball, 6MD)
Batting: RHB Stephen Wilson 0-0: Ball
1-0: Called Strike
1-1: Swinging Strike
1-2: Ball
2-2: Fielders Choice at 2nd, 5-4 (Groundball, 5L)
Bottom of the 3rd over - 0 run(s), 1 hit(s), 0 error(s), 0 left on base; Pocatello 2 - Los Cabos 1
TOP OF THE 4TH
Pocatello Boccabellas batting - Pitching for Los Cabos Cartel : RHP Toshikasu Kiyomizu
Batting: LHB Juan Cortés 0-0: Ball
1-0: Called Strike
1-1: Foul Ball, location: 2F
1-2: Foul Ball, location: 2F
1-2: Ball
2-2: Ball
3-2: Base on Balls
Batting: SHB Nick Cox 0-0: Ball
1-0: Ball
2-0: Foul Ball, location: 2F
2-1: Ball
3-1: Called Strike
3-2: Strikes out swinging
Batting: RHB Francisco Sandoval 0-0: Ball
1-0: Foul Ball, location: 2F
1-1: Swinging Strike
1-2: Strikes out swinging
Batting: LHB José Berroa 0-0: Ball
1-0: Ball
2-0: Ball
3-0: Fly out, F8 (Flyball, 8RD)
Top of the 4th over - 0 run(s), 0 hit(s), 0 error(s), 1 left on base; Pocatello 2 - Los Cabos 1
BOTTOM OF THE 4TH
Los Cabos Cartel batting - Pitching for Pocatello Boccabellas : RHP Kevin Bush
Batting: SHB Julián Madrid 0-0: Called Strike
0-1: Called Strike
0-2: Strikes out swinging
Batting: RHB Edward Young 0-0: Foul Ball, location: 2F
0-1: Ball
1-1: Foul Ball, location: 2F
1-2: Ball
2-2: Foul Ball, location: 2F
2-2: Ball
3-2: Ground out 6-3 (Groundball, 6M)
Batting: LHB Willie Wallace 0-0: Ball
1-0: Called Strike
1-1: Foul Ball, location: 2F
1-2: Foul Ball, location: 2F
1-2: Ball
2-2: Strikes out swinging
Bottom of the 4th over - 0 run(s), 0 hit(s), 0 error(s), 0 left on base; Pocatello 2 - Los Cabos 1
TOP OF THE 5TH
Pocatello Boccabellas batting - Pitching for Los Cabos Cartel : RHP Toshikasu Kiyomizu
Batting: RHB José Delgado 0-0: Fly out, F9 (Flyball, 9D)
Batting: LHB Vicente Bueno 0-0: SINGLE (Groundball, 34D)
Batting: RHB Tomás Carranza 0-0: Ball
1-0: Ball
2-0: Called Strike
2-1: Ball
3-1: Fielders Choice at 2nd, 1-4 (Groundball, 15)
Batting: LHB Jim Jensen 0-0: Ball
1-0: Ground out U3 (Groundball, 34)
Top of the 5th over - 0 run(s), 1 hit(s), 0 error(s), 1 left on base; Pocatello 2 - Los Cabos 1
BOTTOM OF THE 5TH
Los Cabos Cartel batting - Pitching for Pocatello Boccabellas : RHP Kevin Bush
Batting: LHB Tom Waller 0-0: Called Strike
0-1: Ball
1-1: Ground out 3-1 (Groundball, 34)
Batting: SHB Javier Villegas 0-0: Ball
1-0: Swinging Strike
1-1: Fly out, F7 (Line Drive, 78M)
Batting: LHB Pablo Reyes 0-0: Ball
1-0: Foul Ball, location: 2F
1-1: Swinging Strike
1-2: Strikes out swinging
Bottom of the 5th over - 0 run(s), 0 hit(s), 0 error(s), 0 left on base; Pocatello 2 - Los Cabos 1
TOP OF THE 6TH
Pocatello Boccabellas batting - Pitching for Los Cabos Cartel : RHP Toshikasu Kiyomizu
Batting: RHB Ernesto Acosta 0-0: Ball
1-0: Swinging Strike
1-1: Ball
2-1: Swinging Strike
2-2: Ball
3-2: Strikes out swinging
Batting: LHB Juan Cortés 0-0: Foul Ball, location: 2F
0-1: Swinging Strike
0-2: Strikes out swinging
Batting: SHB Nick Cox 0-0: Ball
1-0: Swinging Strike
1-1: Called Strike
1-2: Strikes out swinging
Top of the 6th over - 0 run(s), 0 hit(s), 0 error(s), 0 left on base; Pocatello 2 - Los Cabos 1
BOTTOM OF THE 6TH
Los Cabos Cartel batting - Pitching for Pocatello Boccabellas : RHP Kevin Bush
Batting: RHB Vern Carlton 0-0: Ball
1-0: Ball
2-0: Ball
3-0: Called Strike
3-1: Foul Ball, location: 2F
3-2: Strikes out swinging
Batting: RHB Fernando Martínez 0-0: Ball
1-0: Ball
2-0: Ground out 4-3 (Groundball, 4)
Batting: RHB Stephen Wilson 0-0: Foul Ball, location: 2F
0-1: Ball
1-1: Ball
2-1: Ball
3-1: Foul Ball, location: 2F
3-2: Ground out 4-3 (Groundball, 4MD)
Bottom of the 6th over - 0 run(s), 0 hit(s), 0 error(s), 0 left on base; Pocatello 2 - Los Cabos 1
TOP OF THE 7TH
Pocatello Boccabellas batting - Pitching for Los Cabos Cartel : RHP Toshikasu Kiyomizu
Batting: RHB Francisco Sandoval 0-0: Called Strike
0-1: Ball
1-1: Ball
2-1: Ball
3-1: Base on Balls
Pitching: RHP Ángel Lara
Batting: LHB José Berroa 0-0: Sac Bunt - play at second, runner OUT! 1-6
Pinch Hitting: SHB Glenn Vadnais 0-0: Foul Ball, location: 2F
0-1: Ball
1-1: Foul Ball, location: 2F
1-2: Foul Ball, location: 2F
1-2: Ball
2-2: Ball
3-2: Foul Ball, location: 2F
3-2: Foul Ball, location: 2F
3-2: Strikes out swinging
Batting: LHB Vicente Bueno 0-0: Ground out 1-3 (Groundball, P)
Top of the 7th over - 0 run(s), 0 hit(s), 0 error(s), 1 left on base; Pocatello 2 - Los Cabos 1
BOTTOM OF THE 7TH
Los Cabos Cartel batting - Pitching for Pocatello Boccabellas : RHP Kevin Bush
Now at 2B: John Craig
Batting: SHB Julián Madrid 0-0: Foul Ball, location: 2F
0-1: Ball
1-1: Ball
2-1: Foul Ball, location: 2F
2-2: Ball
3-2: Ground out 6-3 (Groundball, 6S)
Batting: RHB Edward Young 0-0: Ball
1-0: Foul Ball, location: 2F
1-1: Ground out 4-3 (Groundball, 4)
Batting: LHB Willie Wallace 0-0: Ball
1-0: Ball
2-0: Fly out, F7 (Flyball, 78D)
Bottom of the 7th over - 0 run(s), 0 hit(s), 0 error(s), 0 left on base; Pocatello 2 - Los Cabos 1
TOP OF THE 8TH
Pocatello Boccabellas batting - Pitching for Los Cabos Cartel : RHP Ángel Lara
Batting: RHB Tomás Carranza 0-0: Called Strike
0-1: Called Strike
0-2: SINGLE (Groundball, 4MD)
Batting: LHB Jim Jensen 0-0: Bunted foul
0-1: Ball
Tomás Carranza is caught stealing 2nd base
1-1: Ball
2-1: Ground out U3 (Groundball, 3)
Batting: RHB Ernesto Acosta 0-0: Ball
1-0: Ball
2-0: Foul Ball, location: 2F
2-1: Ball
3-1: Foul Ball, location: 2F
3-2: Base on Balls
Batting: LHB Juan Cortés 0-0: Ball
1-0: Ball
2-0: Swinging Strike
2-1: Foul Ball, location: 2F
2-2: Ball
3-2: Base on Balls
Ernesto Acosta to second
Batting: SHB Nick Cox 0-0: Called Strike
0-1: Ball
1-1: SINGLE (Groundball, 6MD)
Ernesto Acosta to third
Juan Cortés to second
Runner from 3rd tries for Home, SAFE, no throw
Batting: RHB Francisco Sandoval 0-0: Called Strike
0-1: Foul Ball, location: 2F
0-2: Ball
1-2: Fielders Choice at 2nd, 5-4 (Groundball, 56)
Top of the 8th over - 1 run(s), 2 hit(s), 0 error(s), 1 left on base; Pocatello 3 - Los Cabos 1
BOTTOM OF THE 8TH
Los Cabos Cartel batting - Pitching for Pocatello Boccabellas : RHP Kevin Bush
Batting: LHB Tom Waller 0-0: Ball
1-0: Foul Ball, location: 2F
1-1: Called Strike
1-2: Strikes out swinging
Batting: SHB Javier Villegas 0-0: Ball
1-0: Fly out, F9 (Flyball, 9)
Batting: LHB Pablo Reyes 0-0: Called Strike
0-1: Foul Ball, location: 2F
0-2: Strikes out swinging, 2-3 out at first.
Bottom of the 8th over - 0 run(s), 0 hit(s), 0 error(s), 0 left on base; Pocatello 3 - Los Cabos 1
TOP OF THE 9TH
Pocatello Boccabellas batting - Pitching for Los Cabos Cartel : RHP Ángel Lara
Pitching: RHP Pierre Deschênes
Batting: LHB José Berroa 0-0: Foul Ball, location: 2F
0-1: SINGLE (Groundball, 34D)
Batting: RHB John Craig 0-0: Sac Bunt - play at second, runner OUT! 1-6
Batting: LHB Vicente Bueno 0-0: Called Strike
0-1: SINGLE (Groundball, 34) (infield hit)
John Craig to second
Pinch Hitting: RHB Manny Copriviza 0-0: Called Strike
0-1: Ball
1-1: Ball
2-1: Ball
3-1: Called Strike
3-2: Foul Ball, location: 2F
3-2: Base on Balls
John Craig to third
Vicente Bueno to second
Batting: LHB Jim Jensen 0-0: Ball
1-0: Called Strike
1-1: Ball
2-1: Called Strike
2-2: Ball
3-2: TRIPLE (Line Drive, 9LD)
John Craig scores
Vicente Bueno scores
Manny Copriviza scores
Pitching: RHP Pedro Hernández
Batting: RHB Ernesto Acosta 0-0: Ball
1-0: Called Strike
1-1: Fly out, F9 (Flyball, 89D)
Runner from 3rd tags up, SCORES, no throw
Batting: LHB Juan Cortés 0-0: Ball
1-0: Ball
2-0: SINGLE (Line Drive, 8LS)
Batting: SHB Nick Cox 0-0: SINGLE (Groundball, 5D)
Juan Cortés to second
Batting: RHB Francisco Sandoval 0-0: Ball
1-0: Fly out, F8 (Flyball, 8LD)
Top of the 9th over - 4 run(s), 5 hit(s), 0 error(s), 2 left on base; Pocatello 7 - Los Cabos 1
BOTTOM OF THE 9TH
Los Cabos Cartel batting - Pitching for Pocatello Boccabellas : RHP Kevin Bush
Now at 1B: Chris Parker
Now in CF: Héctor Rentería
Batting: RHB Vern Carlton 0-0: Foul Ball, location: 2F
0-1: SINGLE (Groundball, 56D)
Batting: RHB Fernando Martínez 0-0: Ball
1-0: Called Strike
1-1: Grounds into double play, 6-4-3 (Groundball, 6)
Batting: RHB Stephen Wilson 0-0: Called Strike
0-1: Foul Ball, location: 2F
0-2: Foul Ball, location: 2F
0-2: Ball
1-2: Ball
2-2: Fly out, F9 (Flyball, 9S)
Bottom of the 9th over - 0 run(s), 1 hit(s), 0 error(s), 0 left on base; Pocatello 7 - Los Cabos 1
Thursday, March 30th, 2017 - OOTP Baseball 17.12 Build 75